 Dungeon Crawl Stone Soup version 0.30-a0-1103-g25895a7845 (webtiles) character file.

Game seed: 10991726181371074149

14123 MackTheKnife the Fighter (level 12, -5/113 HPs)
             Began as a Hill Orc Fire Elementalist on Apr 18, 2023.
             Was a Believer of Ashenzari.
             Slain by a vampire (11 damage)
             ... on level 9 of the Dungeon on Apr 19, 2023.
             The game lasted 00:33:29 (14133 turns).

MackTheKnife the Fighter (HOFE)                    Turns: 14133, Time: 00:33:29

Health: -5/113     AC:  5    Str: 12    XL:     12   Next: 13%
Magic:  7/31       EV: 13    Int: 19    God:    Ashenzari [**....]
Gold:   470        SH:  5    Dex: 11    Spells: 10/24 levels left

rFire   . . .      SeeInvis +    q - +3 whip (venom) {mace}
rCold   . . .      Faith    .    (no shield)
rNeg    + . .      Spirit   .    a - +0 robe
rPois   .          Reflect  +    (no helmet)
rElec   .          Rampage  .    (no cloak)
rCorr   .                        x - +1 pair of gloves
Will    ++++.                    v - +0 pair of boots of Ashenzari's Loss {Comp, Evo} (curse)
Stlth   ++                       u - amulet of the Astral Augur {Reflect SH+5, Alch, Elem} (curse)
HPRegen 0.38/turn                p - ring "Visionary of Ashenzari" {*Slow rN+ Will+++ MP+9, Cun, Elem} (curse)
MPRegen 0.22/turn                O - ring "Circumscribed With Me" {Will+, Elem, Evo} (curse)

@: sluggish, on berserk cooldown, hasted and slowed, very slow
A: no striking features
a: Renounce Religion, Shatter the Chains


You were on level 9 of the Dungeon.
You worshipped Ashenzari.
Ashenzari was pleased with you.
You visited 2 branches of the dungeon, and saw 11 of its levels.

You collected 470 gold pieces.


   Skills:
 - Level 12.7 Fighting
 - Level 2.0 Armour
 - Level 4.8(5.9) Dodging
 - Level 1.5(2.4) Stealth
 + Level 6.9 Spellcasting
 - Level 8.2 Conjurations
 - Level 9.6(11.9) Fire Magic
 - Level 5.0(6.7) Evocations


You had 10 spell levels left.
You knew the following spells:

 Your Spells              Type           Power      Damage    Failure   Level
a - Foxfire               Conj/Fire      100%       2x1d9     1%          1
b - Scorch                Fire           100%       2d9       1%          2
c - Fireball              Conj/Fire      22%        3d10      4%          5
d - Volatile Blastmotes   Fire/Tloc      58%        2d14      2%          3
e - Swiftness             Air            7%         N/A       26%         3

Your spell library contained the following spells:

 Spells                   Type           Power      Damage    Failure   Level
 Shock                    Conj/Air       88%        1d8       1%          1
 Flame Wave               Conj/Fire      44%        2d11      1%          4
 Inner Flame              Hex/Fire       29%        N/A       2%          3
 Cigotuvi's Dreadful Rot  Necr/Pois/Air  14%        N/A       14%         2
 Frozen Ramparts          Ice            14%        1d3       26%         3
 Ozocubu's Armour         Ice            7%         N/A       26%         3
 Starburst                Conj/Fire      22%        6d7       26%         6
 Airstrike                Air            3%         2d(1-17)  65%         4
 Dispel Undead            Necr           7%         3d8       67%         4
 Ice Form                 Ice/Tmut       7%         N/A       67%         4
 Leda's Liquefaction      Hex/Erth       3%         N/A       67%         4
 Summon Ice Beast         Ice/Summ       7%         N/A       67%         4
 Plasma Beam              Fire/Air       14%        2x1d28    77%         6
 Lee's Rapid Deconstruct  Erth           3%         3d5*      94%         5
 Metabolic Englaciation   Hex/Ice        3%         N/A       95%         5
 Death Channel            Necr           3%         N/A       100%        6
 Simulacrum               Ice/Necr       3%         N/A       100%        6
 Statue Form              Tmut/Erth      4%         N/A       100%        6
 Ozocubu's Refrigeration  Ice            3%         4d8       100%        7

Inventory:

Hand Weapons
 q - a +3 whip of venom (weapon) {mace}
   (You found it on level 2 of the Dungeon)
Missiles
 A - 2 poisoned darts {throwing}
 P - a throwing net {=f!fthrowing}
Armour
 a - a +0 robe (worn)
 h - a +0 helmet
   (You found it on level 8 of the Dungeon)
 v - the cursed +0 pair of boots of Ashenzari's Loss (worn) {Comp, Evo}
   (You found it on level 3 of the Dungeon)

   It has a curse which improves the following skills: Companions: Summonings
   and Necromancy.
   Evocations: Evocations.
 w - a +1 pair of boots
   (You found it on level 10 of the Dungeon)
 x - a +1 pair of gloves (worn)
   (You found it on level 4 of the Dungeon)
 G - the +1 leather armour of Agnosticism {Contam Str+5}
   (You found it on level 6 of the Dungeon)

   Str:       It affects your strength (+5).
   Contam:    It causes magical contamination when unequipped.
Magical Staves
 g - a staff of air {!astaff}
   (You found it on level 1 of the Dungeon)
 t - a staff of conjuration {!a@e2staff}
   (You found it on level 9 of the Dungeon)
Jewellery
 d - a ring of protection from fire
   (You found it on level 1 of the Dungeon)
 f - a ring of see invisible
   (You found it on level 1 of the Dungeon)
 p - the cursed ring "Visionary of Ashenzari" (left hand) {*Slow rN+ Will+++ MP+9, Cun, Elem}
   (You found it on level 9 of the Dungeon)

   [ring of positive energy]

   rN:        It protects you from negative energy.
   MP:        It affects your magic capacity (+9).
   *Slow:     It may slow you when you take damage.
   Will:      It greatly increases your willpower.
   It has a curse which improves the following skills: Cunning: Dodging and
   Stealth.
   Elements:  Fire Magic, Ice Magic, Air Magic and Earth Magic.
 u - the cursed amulet of the Astral Augur (around neck) {Reflect SH+5, Alch, Elem}
   (You found it on level 9 of the Dungeon)

   [amulet of reflection]

   It reflects blocked missile attacks.
   SH:        It affects your SH (+5).
   It has a curse which improves the following skills: Alchemy: Poison Magic and
   Transmutations.
   Elements:  Fire Magic, Ice Magic, Air Magic and Earth Magic.
 y - a ring of positive energy
   (You found it on level 3 of the Dungeon)
 z - a ring of fire
   (You found it on level 3 of the Dungeon)
 C - an amulet of guardian spirit
   (You found it on level 5 of the Dungeon)
 O - the cursed ring "Circumscribed With Me" (right hand) {Will+, Elem, Evo}
   (You found it on level 7 of the Dungeon)

   [ring of willpower]

   Will:      It increases your willpower.
   It has a curse which improves the following skills: Elements: Fire Magic, Ice
   Magic, Air Magic and Earth Magic.
   Evocations: Evocations.
Wands
 D - a wand of mindburst (39)
   (You found it on level 5 of the Dungeon)
 I - a wand of polymorph (3)
   (You found it on level 6 of the Dungeon)
 N - a wand of digging (3)
   (You found it on level 7 of the Dungeon)
Scrolls
 l - a scroll of fog
 m - 5 scrolls of enchant weapon
 n - 3 scrolls of amnesia
 o - 2 scrolls of poison {!r}
 r - 6 scrolls of teleportation {@r4}
 s - a scroll of identify {@r1}
 E - a scroll of magic mapping {!r}
 L - 3 scrolls of vulnerability {!r!r}
Potions
 b - a potion of magic
 c - 2 potions of brilliance
 e - 4 potions of attraction {!q}
 i - 3 potions of flight
 j - 2 potions of mutation {!q}
 k - a potion of curing {@q1}
 B - a potion of ambrosia
 F - 2 potions of haste {@q3}
 H - 3 potions of might
 M - a potion of lignification {!q}
Miscellaneous
 J - a box of beasts (inert)
   (You found it on level 10 of the Dungeon)

Dungeon Overview and Level Annotations

Branches:
Dungeon (10/15) Zot: 26239  Temple (1/1) D:6 Zot: 5982    Lair (0/5) D:9
    Orc: D:9-12

Altars:
Ashenzari
Cheibriados
Dithmenos
Elyvilon
Fedhas
Gozag
Hepliaklqana
Kikubaaqudgha
Makhleb
Nemelex Xobeh
Okawaru
Qazlal
Ru
Sif Muna
Trog
Uskayaw
Vehumet
Wu Jian
Xom
Yredelemnul
Zin
The Shining One

Annotations:
D:4 Natasha
D:7 2 transporters, steamdo11's ghost, novice FeSu
D:8 3 runed translucent doors, st0uf2x's ghost, novice DrTm

############# #...........#
########## #.#########.#
###........####.#...#####.#
#.+........+......#.##....#
#.#........####...#.##[####
#.#........# #.......(.#
##.#........####.....#.[.########
...'........+..V@....)...........
##)#..)..<..##.#.#.####.########.
#.#..................†<.....# #.
##.#.........#.#.#.#########.# #.
...#########'#...#.# #.# #.
.#######.........#.# #.# #.
......##......##.#.# #.# #.
####..........+....# #####.###.
#..........##.#######.....)...


You could see a vampire.


Message History

Press: ? - help, v - describe, . - travel, g - get item Item here: the ring of Conversion {rF+ MP+9}.
The floor.
Unknown command.
Okay, then.
Things that are here:
a +0 dagger {short}; a +0 robe; 😮 HP[+1] 😮 MP[+1]
Things that are here:
a +0 club {mace}; a +0 robe; 😮 HP[+1]
You see here a shapeshifter corpse. 😮 HP[+1] MP[+1] 😮 HP[+1] 😮 HP[+1] MP[+1] 😮 HP[+1] 😮 MP[+1] 😮 HP[+1] 😮 HP[+1] 😮 MP[+1]
Things that are here:
a +0 giant club {mace}; a +0 giant club {mace} 😮 HP[+1] 😮 HP[+1] MP[+1]
The vampire closely misses you. The vampire bites you.
The vampire draws strength from your injuries! 😮 HP[-3]
You take 3 damage, and now have 63/113 hp.
The vampire barely misses you.
The vampire bites you but does no damage.
The gnoll sergeant closely misses you. The vampire closely misses you.
The vampire bites you!
* * * LOW HITPOINT WARNING * * *
You feel yourself slow down.
The vampire draws strength from your injuries!
There is an open door, spattered with blood here. 😨 HP[-12] MP[+1]
You take 12 damage, and now have 51/113 hp.
Casting: Foxfire (safe; 1% risk of failure)
Confirm with . or Enter, or press ? or * to list all spells.
You miscast Swiftness.
You are very lightly contaminated with residual magic.
You are caught in an explosion of electrical discharges.
* * * LOW HITPOINT WARNING * * *
The gnoll sergeant hits you from afar with a +0 spear!
* * * LOW HITPOINT WARNING * * *
The vampire hits you.
* * * LOW HITPOINT WARNING * * *
The vampire bites you!
* * * LOW HITPOINT WARNING * * *
The vampire draws strength from your injuries! 😱 HP[-29] MP[-3]
You take 29 damage, and now have 22/113 hp.
MASSIVE DAMAGE!! (PAUSE)
You lost 3 mp, and now have 7/31 mp.
Casting: Swiftness (dangerous; 26% risk of failure)
Confirm with . or Enter, or press ? or * to list all spells.
You feel quick. The vampire barely misses you. x2
The gnoll sergeant hits you from afar with a +0 spear.
* * * LOW HITPOINT WARNING * * *
The gnoll sergeant barely misses you. You block the vampire's attack.
The vampire misses you. 😱 HP[-2] MP[-3]
You take 2 damage, and now have 20/113 hp.
You lost 3 mp, and now have 4/31 mp.
Unknown command.
Really quaff
K - a potion of berserk rage {!q}?
A red film seems to cover your vision as you go berserk!
You feel yourself moving faster!
You feel mighty! The gnoll sergeant barely misses you. The vampire hits you.
* * * LOW HITPOINT WARNING * * *
The vampire bites you!
* * * LOW HITPOINT WARNING * * *
The vampire draws strength from your injuries! 😱 HP[-2] MP[+1]
You now have 169 max hp (+56).
You feel a strong urge to attack something. 😱 HP[+1]
You feel your anger nearly subside.
You are no longer berserk.
You are exhausted.
You feel as though you will be slow longer. 😱 HP[-6]
You now have 113 max hp (-56).
You start to feel a little slower.
There is a stone staircase leading up, spattered with blood here. 😱 MP[+1]
The gnoll sergeant hits you from afar with a +0 spear!
* * * LOW HITPOINT WARNING * * *
The vampire barely misses you. You block the vampire's attack.
You climb upwards.
Your magical contamination has completely faded away.
There is a stone staircase leading down here. 😱 HP[-7]
You take 7 damage, and now have 6/113 hp.
Okay, then.
Okay, then.
You feel yourself speed up.
You feel sluggish. The vampire hits you!
You die...

Skill      XL: |  1  2  3  4  5  6  7  8  9 10 11 |
---------------+----------------------------------+-----
Spellcasting   | 2 3 4 5 6 |  6.9
Conjurations   | 2 3 4 6 8 |  8.2
Fire Magic     | 4 5 6 7 9 |  9.6
Fighting       | 12 | 12.7
Armour         | 2 |  2.0
Dodging        | 4 |  4.8
Evocations     | 5 |  5.0
Stealth        | |  1.5

Action                     |  1- 3 |  4- 6 |  7- 9 | 10-12 || total
---------------------------+-------+-------+-------+-------++-------
  Melee: Unarmed           |     6 |       |    32 |     9 ||    47
         Staff             |    16 |       |       |       ||    16
         Whip              |    14 |     6 |    26 |    16 ||    62
         Punch             |       |       |     1 |       ||     1
   Cast: Foxfire           |    13 |    11 |    21 |    24 ||    69
         Scorch            |    25 |    48 |   142 |    60 ||   275
         Volatile Blastmot |       |       |     4 |     8 ||    12
         Fireball          |       |       |       |    38 ||    38
         Swiftness         |       |       |       |     2 ||     2
 Invoke: Curse Item        |       |       |     1 |     3 ||     4
  Evoke: Wand              |       |       |     8 |       ||     8
         Box of beasts     |       |       |       |     1 ||     1
    Use: Scroll            |       |     8 |    12 |     2 ||    22
         Potion            |       |     1 |     3 |     6 ||    10
 Armour: Robe              |    14 |     7 |    33 |    22 ||    76
         Skin              |       |       |    41 |    15 ||    56
  Dodge: Dodged            |    48 |    13 |    95 |    41 ||   197
  Block: Other             |       |       |       |     7 ||     7

Levels and vault maps discovered:
D:1:      wander_arrival_chamber, layout_loops_ring,
          shapermc_ecumenical_altar_pompeii
D:2:      minmay_chambers_of_ones, layout_basic, basic_altar, st_stairs_7
D:3:      layout_basic, mainiacjoe_overflow_boulevard, cheibriados_altar_1,
          uniq_terence
D:4:      minmay_spotlight, layout_cave_pools, kennysheep_little_box,
          mainiacjoe_overflow_catwalk_spiral, serial_column_ruins,
          column_ruins_hut_ruined, column_ruins_open_tiny,
          column_ruins_open_tiny, column_ruins_open_medium,
          column_ruins_columns_corner, uniq_natasha
D:5:      layout_basic, mainiacjoe_overflow_tiny_flanked,
          nicolae_ru_the_path_less_chosen, mainiacjoe_overflow_brackets
D:6:      layout_basic, minmay_temple_entry_tees, gup_sewer_entry_glass
D:7:      layout_basic, kennysheep_mini, lemuel_doored_altar,
          gammafunk_ghost_arena
D:8:      kennysheep_ambush_hall, layout_gridville,
          mainiacjoe_overflow_surrounded_room, marbit_many_paths,
          nicolae_yredelemnul_ghost_church, minmay_starry_boxes
D:9:      layout_basic, nicolae_gozag_seed_capital, lair_entry_dummy
D:10:     minmay_the_grid_3x3 [minmay_the_grid_fan, minmay_the_grid_plusring,
          minmay_the_grid_stretched_grid, minmay_the_grid_diamond_grid,
          minmay_the_grid_armoury, minmay_the_grid_aliased_spiral,
          minmay_the_grid_box_x, minmay_the_grid_doors,
          minmay_the_grid_prize_inner_circle], layout_basic, orc_0_dummy,
          minmay_misc_feat_rugged
Temple:   hellmonk_temple_two_chambers

Notes
Turn   | Place    | Note
-------+----------+-------------------------------------------
     0 | D:1      | MackTheKnife the Hill Orc Fire Elementalist began the quest
                  | for the Orb.
     0 | D:1      | Reached XP level 1. HP: 14/14 MP: 3/3
     0 | D:1      | magus.rc [v1.9.6]
    27 | D:1      | You fall into a shaft and drop 1 floor!
   132 | D:1      | Found a faded altar of an unknown god.
   160 | D:1      | You pick up a book of Fire and begin reading...
   160 | D:1      | You add the spells Fireball, Plasma Beam and Starburst to
                  | your library.
   340 | D:1      | You pick up a book of Decay and begin reading...
   340 | D:1      | You add the spells Cigotuvi's Dreadful Rot, Dispel Undead
                  | and Death Channel to your library.
   476 | D:1      | Reached XP level 2. HP: 20/20 MP: 2/4
   479 | D:1      | Learned a level 2 spell: Scorch
  1053 | D:2      | Found a shimmering altar of Xom.
  1666 | D:2      | Reached skill level 2 in Spellcasting
  1713 | D:2      | Reached XP level 3. HP: 23/26 MP: 1/6
  2111 | D:3      | Reached skill level 2 in Conjurations
  2111 | D:3      | Reached skill level 4 in Fire Magic
  2115 | D:3      | Reached XP level 4. HP: 16/33 MP: 1/7
  2348 | D:3      | Noticed Terence
  2361 | D:3      | Killed Terence
  2362 | D:3      | Reached XP level 5. HP: 36/38 MP: 2/8
  2482 | D:3      | Found a snail-covered altar of Cheibriados.
  2679 | D:3      | Found a shimmering blue altar of Sif Muna.
  3248 | D:4      | Noticed Natasha
  3450 | D:4      | Noticed a sky beast
  3454 | D:4      | Killed a sky beast
  3455 | D:4      | Reached skill level 3 in Conjurations
  3455 | D:4      | Reached XP level 6. HP: 45/45 MP: 1/10
  3562 | D:4      | Reached skill level 3 in Spellcasting
  3562 | D:4      | Reached skill level 5 in Fire Magic
  4049 | D:4      | Found a white marble altar of Elyvilon.
  4053 | D:4      | Found a shadowy altar of Dithmenos.
  4276 | D:4      | Reached skill level 4 in Conjurations
  4276 | D:4      | Reached XP level 7. HP: 50/50 MP: 5/12
  4356 | D:4      | You pick up a book of Fire and begin reading...
  4430 | D:4      | Found a glowing silver altar of Zin.
  4505 | D:5      | Entered Level 5 of the Dungeon
  4983 | D:5      | Reached skill level 6 in Fire Magic
  5195 | D:5      | Found a sacrificial altar of Ru.
  5350 | D:5      | Found a radiant altar of Vehumet.
  5363 | D:5      | Reached skill level 4 in Spellcasting
  5363 | D:5      | Reached XP level 8. HP: 41/57 MP: 0/14
  5502 | D:5      | Reached skill level 5 in Conjurations
  5917 | D:5      | Found a shimmering altar of Xom.
  6547 | D:6      | Identified the +1 leather armour of Agnosticism {Contam
                  | Str+5}
  6646 | D:6      | Reached skill level 7 in Fire Magic
  6861 | D:6      | Reached skill level 6 in Conjurations
  7000 | D:6      | You pick up a book of Winter and begin reading...
  7000 | D:6      | You add the spells Ozocubu's Armour, Metabolic Englaciation
                  | and Simulacrum to your library.
  7080 | D:6      | Reached skill level 5 in Spellcasting
  7181 | D:6      | Reached XP level 9. HP: 62/62 MP: 10/16
  7187 | D:6      | Learned a level 5 spell: Fireball
  7591 | D:6      | Found a staircase to the Ecumenical Temple.
  7602 | Temple   | Entered the Ecumenical Temple
  7633 | D:6      | You pick up a book of the Earth and begin reading...
  7633 | D:6      | You add the spells Leda's Liquefaction, Lee's Rapid
                  | Deconstruction and Statue Form to your library.
  7872 | D:6      | Reached skill level 8 in Fire Magic
  8357 | D:7      | Found a transporter.
  8361 | D:7      | Noticed a komodo dragon
  8362 | D:7      | Noticed a manticore
  8363 | D:7      | Noticed steamdo11's ghost (novice FeSu)
  8372 | D:7      | Found a transporter.
  8497 | D:7      | Found a broken altar of Ashenzari.
  8500 | D:7      | Became a worshipper of Ashenzari the Shackled
  8569 | D:7      | You pick up a book of Air and begin reading...
  8569 | D:7      | You add the spells Shock, Swiftness and Airstrike to your
                  | library.
  8598 | D:7      | You pick up a book of Rime and begin reading...
  8598 | D:7      | You add the spells Frozen Ramparts, Ice Form and Summon Ice
                  | Beast to your library.
  8603 | D:7      | Learned a level 3 spell: Volatile Blastmotes
  8786 | D:7      | Found a hazy altar of Hepliaklqana.
  8846 | D:7      | Reached skill level 7 in Conjurations
  9855 | D:7      | Reached skill level 6 in Spellcasting
  9855 | D:7      | Reached skill level 9 in Fire Magic
 10014 | D:7      | HP: 13/53 [wight/+0 war axe (2)]
 10228 | D:8      | Noticed a two-headed ogre
 10239 | D:8      | HP: 19/81 [two-headed ogre/+0 giant club (14)]
 10242 | D:8      | Killed a two-headed ogre
 10243 | D:8      | Reached skill level 8 in Conjurations
 10243 | D:8      | Reached XP level 10. HP: 13/69 MP: 5/19
 10250 | D:8      | HP: 24/103 [killer bee (3)]
 10257 | D:8      | HP: 12/69 [killer bee (3)]
 10449 | D:8      | Reached skill level 1 in Fighting
 10528 | D:8      | Reached skill level 2 in Fighting
 10801 | D:8      | Reached skill level 3 in Fighting
 11022 | D:8      | Reached skill level 4 in Fighting
 11148 | D:8      | Found a runed translucent gate.
 11148 | D:8      | Found a runed translucent gate.
 11148 | D:8      | Found a runed translucent gate.
 11148 | D:8      | Noticed st0uf2x's ghost (novice DrTm)
 11151 | D:8      | Found a basalt altar of Yredelemnul.
 11338 | D:8      | Found a glowing golden altar of the Shining One.
 11469 | D:8      | Reached * piety under Ashenzari
 11469 | D:8      | Identified a potion of experience
 11470 | D:8      | Reached skill level 12 in Fighting
 11470 | D:8      | Reached XP level 11. HP: 105/105 MP: 20/20
 11603 | D:8      | Found a burning altar of Makhleb.
 11631 | D:8      | Reached skill level 1 in Armour
 11760 | D:9      | Reached skill level 2 in Armour
 11864 | D:9      | magus.rc [v1.9.6]
 12069 | D:9      | Reached skill level 2 in Dodging
 12259 | D:9      | Identified the ring "Haokhyc" {*Slow rN+ Will+++ MP+9}
 12347 | D:9      | Found a staircase to the Lair.
 12351 | D:9      | Reached ** piety under Ashenzari
 12356 | D:9      | Learned a level 3 spell: Swiftness
 12369 | D:9      | Noticed a two-headed ogre
 12374 | D:9      | Noticed a two-headed ogre
 12375 | D:9      | Killed a two-headed ogre
 12376 | D:9      | Reached skill level 3 in Dodging
 12627 | D:9      | Killed a two-headed ogre
 12628 | D:9      | Reached skill level 4 in Dodging
 13016 | D:9      | Found an opulent altar of Gozag.
 13376 | D:10     | Entered Level 10 of the Dungeon
 13493 | D:10     | Noticed a two-headed ogre
 13501 | D:10     | Killed a two-headed ogre
 13502 | D:10     | Reached skill level 2 in Evocations
 13503 | D:10     | Noticed a deep elf pyromancer
 13665 | D:9      | Reached skill level 3 in Evocations
 14016 | D:10     | Noticed an orc knight
 14030 | D:10     | Reached skill level 4 in Evocations
 14030 | D:10     | Noticed an ogre mage
 14035 | D:10     | Killed an ogre mage
 14036 | D:10     | Reached skill level 5 in Evocations
 14036 | D:10     | Reached XP level 12. HP: 113/113 MP: 20/21
 14058 | D:10     | Identified the ring of Conversion {rF+ MP+9}
 14123 | D:10     | HP: 22/113 [vampire (11)]
 14131 | D:10     | HP: 5/113 [gnoll sergeant/+0 spear (9)]
 14133 | D:9      | Slain by a vampire

Vanquished Creatures
  An ogre mage (D:10)
  4 two-headed ogres
  A manticore (D:10)
  2 hornets (D:9)
  A slime creature (D:10)
  A shadow (D:9)
  A culicivora (shapeshifter) (D:10)
  A wraith (D:10)
  A vampire (D:10)
  2 yaks
  2 steam dragons
  An acid dragon (D:10)
  An ice beast (D:8)
  2 orc warriors
  3 sky beasts
  4 black bears
  2 ogres
  4 centaurs
  4 kobold brigands
  6 bullfrogs
  4 gnoll sergeants
  3 scorpions (D:5)
  6 wights
  17 killer bees
  A howler monkey (D:8)
  3 hounds
  2 centaur zombies (D:8)
  2 orc priests
  7 jellies
  A gnoll bouda (D:6)
  3 sleepcaps
  2 iguanas (D:4)
  Terence (D:3)
  5 orc wizards
  12 gnolls
  6 adders
  4 white imps
  An ufetubus (D:5)
  A dart slug (D:2)
  35 orcs
  6 endoplasms
  2 giant cockroaches (D:4)
  6 hobgoblins
  3 quokkas
  9 ball pythons
  6 bats
  A frilled lizard (D:3)
  7 goblins
  24 kobolds
  8 rats
232 creatures vanquished.

Vanquished Creatures (collateral kills)
  A wraith (D:10)
  An orc wizard (D:10)
2 creatures vanquished.

Vanquished Creatures (others)
  114 foxfires
114 creatures vanquished.

Grand Total: 348 creatures vanquished

Table legend:
 A = Non-vault XP
 B = Vault XP
 C = Vault XP percentage of total XP
 D = Non-vault monster count
 E = Vault monster count
 F = Vault count percentage of total count
                 A         B        C        D         E       F
            +---------+---------+-------+---------+---------+-------
      Total |    9607 |    4484 |  31.8 |     195 |      39 |  16.7
            +---------+---------+-------+---------+---------+-------
        D:1 |      17 |       0 |   0.0 |      12 |       0 |   0.0
        D:2 |      13 |      10 |  43.5 |       9 |       6 |  40.0
        D:3 |     121 |      37 |  23.4 |      23 |       2 |   8.0
        D:4 |     311 |     159 |  33.8 |      20 |       5 |  20.0
        D:5 |     818 |       0 |   0.0 |      26 |       0 |   0.0
        D:6 |    1253 |       0 |   0.0 |      30 |       0 |   0.0
        D:7 |     898 |      90 |   9.1 |      13 |       1 |   7.1
        D:8 |    1783 |     948 |  34.7 |      29 |      16 |  35.6
        D:9 |    3247 |     190 |   5.5 |      23 |       1 |   4.2
       D:10 |    1146 |    3050 |  72.7 |      10 |       8 |  44.4
            +---------+---------+-------+---------+---------+-------

Illustrated notes

Table legend:
 A = Kills in this place as a percentage of kills in the entire game.
 B = Kills by you in this place as a percentage of kills by you in the entire game.
 C = Kills by friends in this place as a percentage of kills by friends in the entire game.
 D = Other kills in this place as a percentage of other kills in the entire game.
 E = Experience gained in this place as a percentage of experience gained in the entire game.
 F = Experience gained in this place divided by the number of levels of this place that you have seen.
                   A       B       C       D       E      F
               +-------+-------+-------+-------+-------+----------------------
         Total | 100.0 | 100.0 | 100.0 |   N/A | 100.0 | 1281.0
       Dungeon | 100.0 | 100.0 | 100.0 |   N/A | 100.0 | 1409.1
               +-------+-------+-------+-------+-------+----------------------

Table legend: (Time is in decaauts)
 A = Elapsed time spent in this place.
 B = Non-inter-level travel time spent in this place.
 C = Inter-level travel time spent in this place.
 D = Time resting spent in this place.
 E = Time spent auto-exploring this place.
 F = Levels seen in this place.
 G = Mean time per level.
                   A        B        C        D        E       F      G
               +--------+--------+--------+--------+--------+-----+--------+
         Total |  14153 |  13459 |    694 |   3566 |   7596 |  11 | 1286.6 |
       Dungeon |  14135 |  13446 |    689 |   3566 |   7585 |  10 | 1413.5 |
        Temple |     17 |     12 |      5 |      0 |     11 |   1 |   17.0 |
               +--------+--------+--------+--------+--------+-----+--------+

Top non-repeatable levels by time:
     D:5: 2140 daAuts
     D:8: 1965 daAuts
     D:7: 1880 daAuts
     D:3: 1729 daAuts
     D:9: 1621 daAuts
     D:6: 1499 daAuts
     D:2: 1101 daAuts
     D:1: 949 daAuts
     D:4: 730 daAuts
    D:10: 518 daAuts
  Temple: 17 daAuts
